 Dungeon Crawl Stone Soup version 0.27.1 (webtiles) character file.

Game seed: 414314526027135968

9 BioDread the Insei (level 2, 14/18 HPs)
             Began as an Octopode Transmuter on Aug 28, 2021.
             Quit the game on level 1 of the Dungeon.
             The game lasted 00:01:28 (165 turns).

BioDread the Insei (Octopode Transmuter)             Turns: 165, Time: 00:01:28

Health: 14/18      AC:  1    Str:  9    XL:     2   Next: 12%
Magic:  5/5        EV: 13    Int: 15    God:
Gold:   0          SH:  0    Dex: 12    Spells: 4/5 levels left

rFire    . . .     SeeInvis .     - Unarmed
rCold    . . .     Faith    .   (no shield)
rNeg     . . .     Spirit   .   (helmet restricted)
rPois    .         Reflect  .   (no amulet)
rElec    .         Harm     .   (no ring)
rCorr    .         Rampage  .   (no ring)
Will     .....                  (no ring)
Stlth    ++........             (no ring)
HPRegen  0.06/turn              (no ring)
MPRegen  0.09/turn              (no ring)
                                (no ring)
                                (no ring)

@: no status effects
A: almost no armour, amphibious, 8 rings, camouflage 1, gelatinous body 1,
(nimble swimmer 1), tentacles
a: no special abilities


You were on level 1 of the Dungeon.
You visited 1 branch of the dungeon, and saw 1 of its levels.

Inventory:

Scrolls
 a - a scroll of teleportation {unknown}


   Skills:
 + Level 1.0 Fighting
 + Level 2.0 Dodging
 + Level 3.3 Unarmed Combat
 + Level 2.0 Spellcasting
 + Level 2.2 Transmutations


You had 4 spell levels left.
You knew the following spells:

 Your Spells              Type           Power      Damage    Failure   Level
a - Beastly Appendage     Tmut           16%        N/A       9%          1

Your spell library contained the following spells:

 Spells                   Type           Power      Damage    Failure   Level
 Wereblood                Tmut           8%         N/A       14%         2
 Spider Form              Tmut/Pois      2%         N/A       38%         3
 Ice Form                 Ice/Tmut       4%         N/A       80%         4


Dungeon Overview and Level Annotations

Branches:
Dungeon (1/15)

Altars:


Innate Abilities, Weirdness & Mutations

You cannot wear most types of armour.
You are amphibious.
You can wear up to eight rings at the same time.
Your skin changes colour to match your surroundings (Stealth+).
Your rubbery body absorbs attacks. (AC +1, EV +1)
((You are camouflaged near water. (Stealth+)))
You have tentacles for arms and can constrict up to eight enemies at once.


Message History

A rat comes into view.
Found a stone staircase leading down.
The goblin shouts!
There are monsters nearby!
The rat bites you.
There are monsters nearby!
You tentacle-slap the rat. You grab the rat.
The rat is heavily wounded.
You constrict the rat.
You kill the rat!
A goblin is nearby!
The goblin misses you.
A goblin is nearby!
You tentacle-slap the goblin. You grab the goblin.
The goblin is severely wounded.
You constrict the goblin.
You kill the goblin!
A hobgoblin comes into view.
A dart slug comes into view.
You see here a +0 club.
There are monsters nearby!
The hobgoblin closely misses you.
There are monsters nearby!
You tentacle-slap the hobgoblin. Your grab misses the hobgoblin.
You squeeze the hobgoblin.
You kill the hobgoblin!
A dart slug is nearby!
Found a book of the Hunter.
You see here a hobgoblin corpse.
A dart slug is nearby!
You tentacle-slap the dart slug. You grab the dart slug.
The dart slug is moderately wounded.
You constrict the dart slug, but do no damage.
The dart slug barely misses you.
A dart slug is nearby!
You tentacle-slap the dart slug. x2
The dart slug is almost dead.
You constrict the dart slug.
You kill the dart slug!
You have reached level 2!
Are you sure you want to abandon this character and quit the game? (Confirm with "yes".)

#....# #.........
...#####....# #.........
.......#....# #.........
.......#....# #.........
....:..#....# #.........
.......#....# #.........
.......#...†# #.........
.......#.)..###.........
#..>.@.........#.####.
######.###.###.#.# #.
#.# #.# #.#.. .. #.# #.#
#.#####.# #.. ..# #.# #.
... ... .# #. ....... .#
...... .#


There were no monsters in sight!

Vanquished Creatures
  A dart slug (D:1)
  An endoplasm (D:1)
  A goblin (D:1)
  A hobgoblin (D:1)
  A quokka (D:1)
  A rat (D:1)
6 creatures vanquished.

Notes
Turn   | Place    | Note
-------+----------+-------------------------------------------
     0 | D:1      | BioDread the Octopode Transmuter began the quest for the
                  | Orb.
     0 | D:1      | Reached XP level 1. HP: 13/13 MP: 3/3
   165 | D:1      | Reached XP level 2. HP: 14/18 MP: 5/5
   165 | D:1      | Quit the game

Illustrated notes

Levels and vault maps discovered:
D:1:      nicolae_arrival_washed_ashore, layout_basic

Action                   || total
-------------------------++-------
Melee: Unarmed           ||    11
       Constrict         ||     4
       Punch             ||     1
       Tentacles         ||     1
 Stab: Sleeping          ||     1
Dodge: Dodged            ||     5
